 Dungeon Crawl Stone Soup version 0.21-a0-476-gd103f4b (webtiles) character file.

121 Laiders the Shield-Bearer (level 5, -5/41 HPs)
             Began as a Formicid Fighter on Nov 23, 2017.
             Slain by Laiders's ghost (9 damage)
             ... on level 3 of the Dungeon.
             The game lasted 00:02:55 (1894 turns).

Laiders the Shield-Bearer (Formicid Fighter)        Turns: 1894, Time: 00:02:57

Health: -5/41      AC:  6    Str: 26    XL:     5   Next: 26%
Magic:  5/5        EV:  8    Int:  8    God:
Gold:   127        SH: 10    Dex: 10    Spells: 4/4 levels left

rFire    . . .     SeeInvis +   a - +0 flail
rCold    . . .     Gourm    .   c - +0 shield
rNeg     . . .     Faith    .   b - +0 scale mail
rPois    .         Spirit   .   (helmet unavailable)
rElec    .         Reflect  .   (no cloak)
rCorr    .         Harm     .   (no gloves)
MR       .....                  (no boots)
Stlth    ..........             (no amulet)
HPRegen  0.13/turn              (no ring)
MPRegen  0.09/turn              (no ring)

@: mighty
A: permanent stasis, dig shafts and tunnels, four strong arms, antennae 3
a: Dig, Shaft Self


You were on level 3 of the Dungeon.
You were not hungry.

You visited 1 branch of the dungeon, and saw 3 of its levels.

You collected 127 gold pieces.

Inventory:

Hand Weapons
 a - a +0 flail (weapon)
Armour
 b - a +0 scale mail (worn)
 c - a +0 shield (worn)
Jewellery
 h - a +4 amulet of reflection {unknown}
 i - an uncursed ring of flight {unknown}
 k - an uncursed ring of flight {unknown}
Scrolls
 j - 3 scrolls of identify {unknown}
 l - 5 scrolls of teleportation {unknown}
 m - a scroll of immolation {unknown}
 n - a scroll of blinking {unknown}
 o - 2 scrolls of magic mapping {unknown}
 r - a scroll of fear {unknown}
Potions
 e - 3 potions of curing {unknown}
 q - a potion of berserk rage {unknown}
Comestibles
 f - 3 bread rations
 g - 5 chunks of flesh
 p - 3 fruits
 s - a royal jelly


   Skills:
 - Level 3.2 Fighting
 + Level 3.8 Maces & Flails
 - Level 3.2 Armour
 + Level 5.4 Shields


You had 4 spell levels left.
You didn't know any spells.

Dungeon Overview and Level Annotations

Branches:
Dungeon (3/15)

Altars:
Nemelex Xobeh

Annotations:
D:3 Laiders's ghost, amateur FoFi


Innate Abilities, Weirdness & Mutations

You cannot be hasted, slowed, berserked, paralysed or teleported.
You can dig through walls and to a lower floor.
Your four strong arms can wield two-handed weapons with a shield.
You have a pair of large antennae on your head. (SInv)


Message History

Laiders's ghost is lightly damaged.
Laiders's ghost hits you!
You closely miss Laiders's ghost.
Laiders's ghost is lightly damaged.
You block Laiders's ghost's attack.
You hit Laiders's ghost.
Laiders's ghost is lightly damaged.
Laiders's ghost hits you!
You sock Laiders's ghost!
Laiders's ghost is heavily damaged.
Laiders's ghost hits you!
Laiders's ghost hits you but does no damage.
You barely miss Laiders's ghost.
Laiders's ghost is heavily damaged.
Laiders's ghost hits you!
* * * LOW HITPOINT WARNING * * *
You hit Laiders's ghost.
Laiders's ghost is heavily damaged.
Laiders's ghost hits you!
You die...

#.# #.#
#.# #.#
#.# #.#
#####.#
#.....#
#@#####
#W# #.#
#.. ###


You could see Laiders's ghost.

Vanquished Creatures
  An orc wizard (D:3)
  3 adders
  2 worms
  A dart slug (D:2)
  A leopard gecko (D:1)
  6 orcs (D:3)
  4 bats
  5 giant cockroaches
  4 hobgoblins
  2 quokkas
  3 ball pythons
  4 frilled lizards
  7 goblins
  5 kobolds
  8 rats
56 creatures vanquished.

Notes
Turn   | Place    | Note
-------+----------+-------------------------------------------
     0 | D:1      | Laiders the Formicid Fighter began the quest for the Orb.
     0 | D:1      | Reached XP level 1. HP: 18/18 MP: 1/1
   192 | D:1      | Reached XP level 2. HP: 19/24 MP: 2/2
   201 | D:1      | Reached skill level 4 in Shields
   748 | D:2      | Reached XP level 3. HP: 29/29 MP: 3/3
   926 | D:2      | Found a faded altar of an unknown god.
   947 | D:2      | Reached XP level 4. HP: 19/35 MP: 4/4
  1264 | D:3      | Found a sparkling altar of Nemelex Xobeh.
  1362 | D:3      | Reached skill level 5 in Shields
  1720 | D:3      | Reached XP level 5. HP: 24/41 MP: 5/5
  1885 | D:3      | Noticed Laiders's ghost (amateur FoFi)
  1894 | D:3      | Slain by Laiders's ghost

Vault maps used:
D:1:      saegor_arrival_simple_d
D:2:      chequers_ecumenical_altar_simple
D:3:      overflow_temple_1_default, first_bread, kennysheep_generic_room_10,
          uniq_purgy

Skill      XL: |  1  2  3  4 |
---------------+-------------+-----
Shields        | 4 5 |  5.4
Maces & Flails | 3 |  3.8
Fighting       | |  3.2
Armour         | |  3.2

Action                   |  1- 3 |  4- 6 || total
-------------------------+-------+-------++-------
Melee: Flail             |   116 |    92 ||   208
  Use: Potion            |       |     1 ||     1
  Eat: Chunk             |       |     4 ||     4
Armor: Scale mail        |    53 |    32 ||    85
Dodge: Dodged            |    52 |    26 ||    78
Block: Shield            |    70 |    57 ||   127

Table legend:
 A = Spawn XP
 B = Non-spawn XP
 C = Spawn XP percentage of total XP
 D = Spawn monster count
 E = Non-spawn monster count
 F = Spawn count percentage of total count
 G = Total turns spent on level
                    A         B        C        D         E        F      G
               +---------+---------+-------+---------+---------+-------+---------
         Total |       0 |     174 |   0.0 |       0 |      56 |   0.0 |  1894
               +---------+---------+-------+---------+---------+-------+---------
           D:1 |       0 |      24 |   0.0 |       0 |      15 |   0.0 |   652
           D:2 |       0 |      47 |   0.0 |       0 |      19 |   0.0 |   531
           D:3 |       0 |     103 |   0.0 |       0 |      22 |   0.0 |   711
               +---------+---------+-------+---------+---------+-------+---------
